 Dungeon Crawl Stone Soup version 0.20-a0-930-gbddf555 (webtiles) character file.

2258 Kurtz the Grappler (level 9, -3/80 HPs)
             Began as a Troll Abyssal Knight on Mar 29, 2017.
             Was a Priest of Lugonu.
             Slain by a bone dragon (20 damage)
             ... summoned by Lugonu's corruption
             ... on level 7 of the Dungeon.
             The game lasted 00:09:04 (4748 turns).

Kurtz the Grappler (Troll Abyssal Knight)           Turns: 4748, Time: 00:09:05

Health: -3/80      AC:  7    Str: 20    XL:     9   Next: 15%
Magic:  2/11       EV: 10    Int:  8    God:    Lugonu [***...]
Gold:   258        SH:  0    Dex: 12    Spells: 8/8 levels left

rFire    + . .     SeeInvis .     - Unarmed
rCold    . . .     Gourm    +   (no shield)
rNeg     . . .     Faith    +   y - +1 robe {rF+}
rPois    .         Spirit   .   (helmet restricted)
rElec    .         Reflect  .   l - +0 cloak
rCorr    .         Harm     .   (gloves unavailable)
MR       +....                  (boots unavailable)
Stlth    +.........             t - amulet of faith
Regen    0.7/turn               D - ring of protection from magic
MPRegen  0.2/turn               (no ring)

@: no status effects
A: unfitting armour, claws 3, talons 1, fast metabolism 3, gourmand,
regeneration 1, shaggy fur 1, tough skin 2, weak 1
a: Depart the Abyss, Bend Space, Banish, Renounce Religion


You were on level 7 of the Dungeon.
You worshipped Lugonu.
Lugonu was most pleased with you.
You were very full.

You visited 1 branch of the dungeon, and saw 7 of its levels.
You visited the Abyss 1 time.

You collected 258 gold pieces.

Inventory:

Missiles
 d - 8 curare-tipped needles
 n - 7 javelins
 A - 4 large rocks (quivered)
Armour
 l - a +0 cloak (worn)
 y - a +1 robe of fire resistance (worn)
Jewellery
 t - an amulet of faith (around neck)
 D - a ring of protection from magic (left claw)
Wands
 a - a wand of acid (5/15)
 s - a wand of flame (15/48)
Scrolls
 g - 2 scrolls of noise
 o - 4 scrolls of teleportation {unknown}
 q - a scroll of random uselessness {unknown}
 v - a scroll of fear {unknown}
 x - a scroll of recharging {unknown}
Potions
 c - 2 potions of curing
 e - 2 potions of flight
 j - 5 potions of lignification {unknown}
 k - 2 potions of might {unknown}
 m - 4 potions of mutation {unknown}
 r - 2 potions of brilliance {unknown}
 u - 2 potions of invisibility {unknown}
 w - a potion of heal wounds {unknown}
 C - 2 potions of ambrosia
 E - 2 potions of haste {unknown}
Books
 p - a book of Maledictions

   Spells                             Type                      Level
   a - Corona                         Hexes                        1
   b - Ensorcelled Hibernation        Hexes/Ice                    2
   c - Confuse                        Hexes                        3
   d - Tukima's Dance                 Hexes                        3
   e - Dazzling Spray                 Conjuration/Hexes            3
Comestibles
 b - 8 bread rations
 f - 4 meat rations
 h - 3 royal jellies
 i - 11 fruits
 z - a chunk of flesh


   Skills:
 - Level 2.4 Fighting
 * Level 2.6 Throwing
 - Level 1.9 Dodging
 * Level 11.0 Unarmed Combat
 * Level 4.2 Invocations


You had 8 spell levels left.
You didn't know any spells.

Dungeon Overview and Level Annotations

Branches:
Dungeon (7/15)             Temple (0/1) D:4

Altars:
Elyvilon
Fedhas
Kikubaaqudgha
Nemelex Xobeh
Yredelemnul

Shops:
D:5 }

Annotations:
D:7 corrupted, Treemains's ghost, novice MiBe


Innate Abilities, Weirdness & Mutations

You are too large for most types of armour.
You have claws for hands.
Your metabolism is lightning-fast.
You like to eat raw meat.
Your natural rate of healing is unusually fast.
You are covered in fur. (AC +1)
You have very tough skin. (AC +2)
You have sharp toenails.
You are weak. (Str -2)


Message History

The bone dragon tramples you!
You hold your ground!
The small abomination barely misses Treemains's ghost.
The small abomination hits Treemains's ghost!
The quasit bites you. The quasit barely misses you.
The quasit claws you but does no damage.
The deep elf archer unwields an uncursed dagger.
The deep elf archer wields an uncursed shortbow.
The deep elf archer shoots an arrow.
The arrow closely misses Treemains's ghost.
The arrow disappears in a puff of smoke!
You completely miss Treemains's ghost.
Treemains's ghost is severely damaged.
The red draconian hits Treemains's ghost with an antimagic war axe!
The red draconian hits you with an antimagic war axe.
* * * LOW HITPOINT WARNING * * *
You feel your power leaking away. Treemains's ghost hits you.
* * * LOW HITPOINT WARNING * * *
The bone dragon bites you!!
You die...

#.........#.............#..
#..#...#..#......#......#'#
#.......u#.##...E#......#..
#.....#..........#......#..
#........xxe..#.##......#..
#.#......5.#ee...#......#..
#...v.D2G35.....##......#..
#...#.XXxdx5#.##........#..
#......x#W@..#.#........#..
#......x.x#DX..#........#..
#......#...Xx...........#..
#....##.....X..#........#..
#...........#..#........#..
#....#.........#........#..
#######...##...#........#..
#.........###'##........#..
#..............'........#..


You could see Treemains's ghost, 2 neutral bone dragons, 3 neutral starcursed
masses, a neutral green very ugly thing, a neutral red draconian, a neutral soul
eater, a neutral deep elf archer, a neutral deep elf knight, 2 neutral large
abominations, a neutral deep elf mage, a neutral worldbinder, a neutral eye of
draining, a neutral hellion, 6 neutral small abominations, a neutral
insubstantial wisp, a neutral quasit, a neutral white imp and a neutral
ufetubus.

Vanquished Creatures
  Pikel (D:5)
  Sigmund (D:2)
  A hungry ghost (D:7)
  Edmund (D:5)
  A sky beast (D:6)
  An ice beast (D:6)
  A black bear (D:6)
  A phantom (D:5)
  An ogre (D:5)
  A centaur (D:5)
  A howler monkey (D:7)
  A crimson imp (D:4)
  2 hounds
  Crazy Yiuf (D:6)
  An orc priest (D:6)
  A centaur skeleton (D:5)
  5 orc wizards
  An iguana (D:5)
  3 worker ants
  A hound skeleton (D:4)
  10 gnolls
  8 adders
  A shadow imp (D:6)
  2 oozes
  An adder skeleton (D:6)
  2 dart slugs
  7 leopard geckos
  12 orcs
  4 ball pythons
  6 giant cockroaches
  3 goblins
  5 hobgoblins
  3 jackals (D:3)
  2 quokkas
  3 bats
  3 frilled lizards
  A giant cockroach zombie (D:5)
  5 kobolds
  A quokka skeleton (D:6)
  7 rats
113 creatures vanquished.

Vanquished Creatures (others)
  An orc warrior (D:6)
  2 bullfrogs (D:7)
  A gnoll (D:5)
4 creatures vanquished.

Grand Total: 117 creatures vanquished

Notes
Turn   | Place    | Note
-------+----------+-------------------------------------------
     0 | Abyss:1  | Kurtz the Troll Abyssal Knight began the quest for the Orb.
     0 | Abyss:1  | Reached XP level 1. HP: 22/22 MP: 1/1
    11 | Abyss:1  | Found a corrupted altar of Lugonu.
    27 | Abyss:1  | Noticed a large abomination
   144 | Abyss:1  | Found a corrupted altar of Lugonu.
   157 | D:1      | Escaped the Abyss
   369 | D:1      | Reached XP level 2. HP: 29/29 MP: 2/2
   609 | D:2      | Reached skill level 3 in Unarmed Combat
   728 | D:2      | You fall through a shaft!
   800 | D:3      | Reached XP level 3. HP: 36/36 MP: 3/3
   972 | D:3      | Reached ** piety under Lugonu
  1005 | D:3      | Reached XP level 4. HP: 32/44 MP: 4/4
  1203 | D:3      | Reached skill level 4 in Unarmed Combat
  1471 | D:4      | Reached skill level 5 in Unarmed Combat
  1471 | D:4      | Reached XP level 5. HP: 33/50 MP: 5/5
  1575 | D:4      | Found a staircase to the Ecumenical Temple.
  1594 | D:4      | Reached XP level 6. HP: 42/59 MP: 7/7
  1627 | D:4      | Found a blossoming altar of Fedhas.
  1928 | D:5      | Entered Level 5 of the Dungeon
  1957 | D:5      | Reached *** piety under Lugonu
  1957 | D:5      | Reached skill level 6 in Unarmed Combat
  2288 | D:5      | Reached skill level 7 in Unarmed Combat
  2288 | D:5      | Reached XP level 7. HP: 63/66 MP: 8/8
  2308 | D:5      | Noticed Pikel
  2336 | D:5      | Killed Pikel
  2336 | D:5      | Reached skill level 1 in Throwing
  2336 | D:5      | Reached skill level 8 in Unarmed Combat
  2336 | D:5      | Reached XP level 8. HP: 67/74 MP: 9/9
  2380 | D:5      | Found Ruowo's Quality Used Wands.
  2554 | D:5      | Noticed Edmund
  2562 | D:5      | Killed Edmund
  2562 | D:5      | Reached skill level 9 in Unarmed Combat
  2719 | D:2      | Noticed Sigmund
  2827 | D:2      | Killed Sigmund
  3529 | D:6      | Reached skill level 10 in Unarmed Combat
  3914 | D:6      | Found an ancient bone altar of Kikubaaqudgha.
  3948 | D:6      | Reached **** piety under Lugonu
  3957 | D:6      | Gained mutation: Your mind is acute. (Int +2) [mutagenic meat]
  3958 | D:6      | Lost mutation: Your mind is acute. (Int +2) [mutagenic meat]
  3959 | D:6      | Gained mutation: You are weak. (Str -2) [mutagenic meat]
  3960 | D:6      | Gained mutation: You have sharp toenails. [mutagenic meat]
  4063 | D:6      | Found a runed door.
  4304 | D:6      | Noticed Crazy Yiuf
  4310 | D:6      | Killed Crazy Yiuf
  4310 | D:6      | Reached XP level 9. HP: 73/80 MP: 11/11
  4414 | D:7      | Found a basalt altar of Yredelemnul.
  4414 | D:7      | Found a sparkling altar of Nemelex Xobeh.
  4415 | D:7      | Found a white marble altar of Elyvilon.
  4736 | D:7      | Noticed Treemains's ghost (novice MiBe)
  4743 | D:7      | Corrupted D:7
  4743 | D:7      | Noticed a worldbinder
  4743 | D:7      | Noticed a hellion
  4743 | D:7      | Noticed a bone dragon
  4743 | D:7      | Noticed a large abomination
  4743 | D:7      | Noticed a red draconian
  4743 | D:7      | Noticed a starcursed mass
  4743 | D:7      | Noticed a soul eater
  4745 | D:7      | Noticed a deep elf knight
  4745 | D:7      | Noticed a deep elf mage
  4746 | D:7      | Noticed a deep elf knight
  4746 | D:7      | Noticed a deep elf archer
  4746 | D:7      | Noticed a deep elf mage
  4746 | D:7      | Reached skill level 11 in Unarmed Combat
  4747 | D:7      | Noticed a green very ugly thing
  4747 | D:7      | Noticed a bone dragon
  4748 | D:7      | Slain by a bone dragon

Vault maps used:
D:1:      dpeg_arrival_simpleton_b, st_stairs_5
D:2:      first_bread, uniq_sigmund
D:4:      minmay_temple_entry_hall, fedhas_altar_fruit_tree
D:5:      nicolae_for_you_no_charge, uniq_pikel, uniq_edmund
D:6:      lemuel_doored_altar, hangedman_abyss_or_decor_passed,
          hangedman_glass_teeth, uniq_crazy_yiuf_cottage
D:7:      gammafunk_temple_overflow_claw, tgw_trog

Skill      XL: |  1  2  3  4  5  6  7  8  9 |
---------------+----------------------------+-----
Invocations    | 2 3 4 |  4.2
Unarmed Combat | 3 5 7 8 10 11 | 11.0
Throwing       | 1 2 |  2.6
Fighting       | |  2.4
Dodging        | |  1.9

Action                   |  1- 3 |  4- 6 |  7- 9 || total
-------------------------+-------+-------+-------++-------
Melee: Unarmed           |    79 |   124 |   154 ||   357
       Punch             |       |     1 |     4 ||     5
       Kick              |       |       |     6 ||     6
Throw: Javelin           |       |     2 |       ||     2
       Large rock        |       |       |    15 ||    15
Invok: Banish            |       |     1 |     1 ||     2
       Corrupt           |       |       |     1 ||     1
  Use: Scroll            |       |     5 |     4 ||     9
 Stab: Sleeping          |     1 |       |       ||     1
  Eat: Chunk             |    11 |    16 |    27 ||    54
Armor: Robe              |    15 |    36 |    46 ||    97
Dodge: Dodged            |    32 |    64 |    58 ||   154
